 Dungeon Crawl Stone Soup version 0.26.1-11-gd32895ea62 (webtiles) character file.

Game seed: 4840186516981981835

192 Exodus22XD the Chopper (level 5, -1/47 HPs)
             Began as a Hill Orc Monk on May 9, 2021.
             Was a Believer of Beogh.
             Slain by a hellwing (15 damage)
             ... summoned by a kobold demonologist
             ... on level 3 of the Dungeon.
             The game lasted 00:04:29 (4349 turns).

Exodus22XD the Chopper (Hill Orc Monk)              Turns: 4349, Time: 00:04:30

Health: -1/47      AC:  2    Str: 15    XL:     5   Next: 71%
Magic:  5/5        EV: 12    Int: 10    God:    Beogh [**....]
Gold:   87         SH:  4    Dex: 13    Spells: 4/4 levels left

rFire    . . .     SeeInvis .   p - +0 war axe
rCold    . . .     Faith    .   d - +0 buckler
rNeg     . . .     Spirit   .   b - +0 robe
rPois    +         Reflect  .   (no helmet)
rElec    .         Harm     .   l - scarf {shadows}
rCorr    .         Rampage  .   (no gloves)
Will     +....                  (no boots)
Stlth    ++........             (no amulet)
HPRegen  0.15/turn              e - ring of willpower
MPRegen  0.09/turn              m - ring of poison resistance

@: no status effects
A: no striking features
a: Renounce Religion, Smiting


You were on level 3 of the Dungeon.
You worshipped Beogh.
Beogh was pleased with you.
You visited 1 branch of the dungeon, and saw 3 of its levels.

You collected 87 gold pieces.

Inventory:

Hand Weapons
 p - a +0 war axe (weapon)
Armour
 b - a +0 robe (worn)
 d - a +0 buckler (worn)
 l - a scarf of shadows (worn)
Jewellery
 e - a ring of willpower (left hand)
 m - a ring of poison resistance (right hand)
Wands
 u - a wand of iceblast (8)
Scrolls
 f - a scroll of enchant armour {unknown}
 g - a scroll of remove curse {unknown}
 h - a scroll of noise {unknown}
 i - 2 scrolls of immolation {unknown}
 j - a scroll of fear {unknown}
 t - 2 scrolls of amnesia {unknown}
Potions
 a - a potion of mutation {unknown}
 c - 5 potions of flight
 k - a potion of haste
 n - a potion of degeneration {unknown}
 o - 2 potions of heal wounds {unknown}
 q - a potion of curing {unknown}
 r - a potion of lignification
 s - a potion of brilliance {unknown}


   Skills:
 + Level 4.9 Fighting
 + Level 6.2 Axes
 * Level 2.4 Armour
 - Level 2.4 Dodging
 - Level 1.5 Stealth
 * Level 1.2 Shields


You had 4 spell levels left.
You didn't know any spells.
Your spell library was empty.

Dungeon Overview and Level Annotations

Branches:
Dungeon (3/15)

Altars:
Ashenzari
Dithmenos
Makhleb
Okawaru
Wu Jian
The Shining One

Annotations:
D:3 3 transporters


Message History

The orc priest closely misses the kobold demonologist.
The shadow imp hits the orc priest.
The hellwing swoops through the air toward you!
The hellwing hits you! The hellwing misses you.
The orc priest hits the kobold demonologist but does no damage.
The white imp grins evilly.
The shadow imp barely misses the orc priest.
You block the hellwing's attack. The hellwing hits you.
The orc priest mumbles some strange prayers to Beogh against something.
The white imp gestures at you. The puff of frost hits you.
The shadow imp hits the orc priest.
The hellwing hits you. The hellwing misses you.
The orc priest hits the kobold demonologist but does no damage.
The shadow imp hits the orc priest.
The white imp gestures at you. The puff of frost hits you.
* * * LOW HITPOINT WARNING * * *
Unknown command.
The hellwing hits you!
You die...

#..#....#8P.©.P8#......##....
#..#.##.#P.....P#......##...#
####.##.####'####......##..##
#.##.#.≈...≈.#......##.##.
#.##.#5≈...≈.#......##.#..
#.##.#o≈≈P≈≈.#.#....##.#.#
#.##.#.≈≈♣5≈5#.####.##...#
#.##.#K≈≈≈4≈5#.##.........
#.##.#.≈.@?≈.#.##.........
#.##.#.≈...≈.#.##....(.(..
#.##.####+####.######'#...
#######.##.#≈..:..≈#.#
###..#...
#..........#8P$©$P8#.#
#....#...
#..........#########.#
#....####
#..............©.....# #.##+#
# #.........####...#####
#'##.# #
#.........#####.########..#.#
#


You could see a hellwing (summoned), a kobold demonologist, a white imp
(summoned), 3 shadow imps and a neutral orc priest.

Vanquished Creatures
  A crimson imp (D:2)
  6 adders
  A gnoll (D:1)
  A white imp (D:3)
  An ooze (D:1)
  3 dart slugs
  5 orcs (D:3)
  A ball python (D:3)
  7 bats
  3 giant cockroaches
  7 goblins
  5 hobgoblins
  11 jackals
  5 kobolds
  6 frilled lizards
  11 rats
74 creatures vanquished.

Notes
Turn   | Place    | Note
-------+----------+-------------------------------------------
     0 | D:1      | Exodus22XD the Hill Orc Monk began the quest for the Orb.
     0 | D:1      | Reached XP level 1. HP: 19/19 MP: 1/1
   125 | D:1      | Reached XP level 2. HP: 15/27 MP: 2/2
   354 | D:1      | Reached skill level 1 in Armour
   391 | D:1      | Reached XP level 3. HP: 12/33 MP: 3/3
  1196 | D:2      | Found an iron altar of Okawaru.
  1237 | D:2      | Reached skill level 5 in Axes
  1315 | D:2      | Reached XP level 4. HP: 29/41 MP: 4/4
  1714 | D:2      | Found a burning altar of Makhleb.
  2288 | D:2      | Reached XP level 5. HP: 38/47 MP: 5/5
  2693 | D:3      | Noticed an ogre
  2694 | D:3      | Found a glowing golden altar of the Shining One.
  2695 | D:3      | Noticed a centaur
  2701 | D:3      | Found a transporter.
  2822 | D:3      | Found a broken altar of Ashenzari.
  2914 | D:3      | Reached skill level 6 in Axes
  2914 | D:3      | Reached skill level 1 in Shields
  2994 | D:3      | Found an ornate altar of the Wu Jian Council.
  3305 | D:3      | Found a transporter.
  3488 | D:3      | Found a transporter.
  3513 | D:3      | Found a shadowy altar of Dithmenos.
  4076 | D:3      | Found a transporter.
  4116 | D:3      | Noticed a kobold demonologist
  4343 | D:3      | Became a worshipper of Beogh the Brigand
  4343 | D:3      | Reached * piety under Beogh
  4343 | D:3      | Reached ** piety under Beogh
  4344 | D:3      | Noticed a hellwing
  4349 | D:3      | Slain by a hellwing

Illustrated notes

Levels and vault maps discovered:
D:1:      moated_graveyard_arrival, layout_loops_ring, minmay_misc_feat_roman
D:2:      layout_basic, nicolae_overflow_crystal_walls, makhleb_grotto_becter,
          st_stairs_1, serial_park_tiny_1
D:3:      gammafunk_wand_slinger, layout_basic,
          nicolae_dithmenos_through_a_glass_darkly,
          gammafunk_temple_overflow_arena, nzn_wu_jian_contemplation,
          nicolae_ashenzari_panopticon, minivault_4, corexii_shack,
          palyth_stone_intersect, kennysheep_nondescript

Skill      XL: |  1  2  3  4  5 |
---------------+----------------+-----
Fighting       | 4 |  4.9
Armour         | 1 2 |  2.4
Axes           | 5 6 |  6.2
Shields        | 1 |  1.2
Dodging        | |  2.4
Stealth        | |  1.5

Action                   |  1- 3 |  4- 6 || total
-------------------------+-------+-------++-------
Melee: Hand axe          |    82 |   183 ||   265
       War axe           |       |    21 ||    21
Invok: Convert to Beogh  |       |     1 ||     1
  Use: Scroll            |     2 |     1 ||     3
       Potion            |       |     1 ||     1
 Stab: Sleeping          |     4 |     2 ||     6
Armor: Robe              |    12 |    23 ||    35
       Skin              |       |     9 ||     9
Dodge: Dodged            |    48 |   114 ||   162
Block: Buckler           |       |    30 ||    30
